 Dungeon Crawl Stone Soup version 0.30-a0-845-g7c6808c8ce (webtiles) character file.

Game seed: 10377034875894883811

49 Darkkill the Shooter (level 3, 0/31 HPs)
             Began as a Minotaur Hunter on Mar 3, 2023.
             Slain by a goblin
             ... wielding a +0 club
             ... led by Robin
              (1 damage)
             ... on level 2 of the Dungeon.
             The game lasted 00:01:26 (773 turns).

Darkkill the Shooter (Minotaur Hunter)               Turns: 773, Time: 00:01:27

Health: 0/31       AC:  5    Str: 15    XL:     3   Next: 51%
Magic:  2/2        EV: 17    Int:  6    God:
Gold:   50         SH:  0    Dex: 15    Spells: 2/2 levels left

rFire   . . .      SeeInvis .    a - +0 shortbow
rCold   . . .      Faith    .    (shield currently unavailable)
rNeg    . . .      Spirit   .    c - +1 leather armour
rPois   .          Reflect  .    (helmet restricted)
rElec   .          Rampage  .    k - +0 cloak
rCorr   .                        (no gloves)
Will    .....                    (no boots)
Stlth   ++                       (no amulet)
HPRegen 0.25/turn                j - +5 ring of evasion
MPRegen 0.08/turn                (no ring)

@: no status effects
A: horns 2, retaliatory headbutt
a: no special abilities


You were on level 2 of the Dungeon.
You visited 1 branch of the dungeon, and saw 2 of its levels.

You collected 50 gold pieces.

Inventory:

Hand Weapons
 a - a +0 shortbow (weapon)
Missiles
 i - 10 stones
 n - 4 atropa-tipped darts
Armour
 c - a +1 leather armour (worn)
 k - a +0 cloak (worn)
Jewellery
 e - a ring of willpower
 j - a +5 ring of evasion (left hand)
Scrolls
 b - a scroll of immolation
Potions
 d - a potion of brilliance {unknown}
 h - a potion of lignification {unknown}
 l - a potion of heal wounds {unknown}


   Skills:
 + Level 3.2 Fighting
 + Level 4.7 Ranged Weapons
 + Level 2.9 Dodging
 + Level 1.6 Stealth


You had 2 spell levels left.
You didn't know any spells.
Your spell library contained the following spells:

 Spells                   Type           Power      Damage    Failure   Level
 Apportation              Tloc           0%         N/A       52%         1
 Necrotise                Necr           0%         1d4       52%         1
 Summon Small Mammal      Summ           0%         N/A       52%         1


Dungeon Overview and Level Annotations

Branches:
Dungeon (2/15)

Altars:

Annotations:
D:2 Robin


Innate Abilities, Weirdness & Mutations

You have a pair of horns on your head.
You reflexively headbutt those who attack you in melee.


Message History

A goblin comes into view. It is wielding a +0 dagger.
You shoot an arrow. The arrow completely misses the goblin.
The goblin shouts!
You hear a shout!
Robin of the Strong Arm comes into view.
They are wielding a +0 whip.
A hobgoblin comes into view.
You shoot an arrow.
Robin shouts!
The arrow hits the goblin but does no damage.
Robin throws the goblin at you!
A rat comes into view.
A goblin comes into view. It is wielding a +0 club.
You shoot an arrow. The arrow completely misses the goblin.
The goblin shouts!
You hear a shout! x5
The goblin hits you but does no damage. The goblin barely misses you.
Robin roars a battlecry!
The goblins go into a battle-frenzy!
A goblin comes into view. It is wielding a +0 club.
A goblin comes into view. It is wielding a +0 dagger.
You shoot an arrow. The goblin shouts!
The arrow hits the goblin.
You kill the goblin!
A hobgoblin comes into view.
Robin throws the goblin at you!
You shoot an arrow. The arrow hits the goblin.
You kill the goblin!
Robin roars a battlecry!
Robin throws the goblin at you! The goblin closely misses you.
Things that are here:
a +0 dagger; a goblin corpse The goblin attacks as you move away!
The goblin closely misses you.
You shoot an arrow. The arrow closely misses the goblin.
The arrow closely misses the hobgoblin.
The arrow hits Robin but does no damage.
The goblin hits you but does no damage. The goblin hits you with a +0 club.
The goblin hits you with a +0 dagger.
Robin says, "Bow before me, strongest of all the hobgoblins!"
You shoot an arrow. The arrow completely misses the goblin.
The arrow closely misses the hobgoblin.
The arrow hits the rat.
You kill the rat!
The goblin barely misses you. The goblin hits you but does no damage.
You shoot an arrow. The arrow hits the goblin!
You kill the goblin!
The goblin completely misses you.
You shoot an arrow. The arrow hits the hobgoblin!
You kill the hobgoblin!
The goblin completely misses you. 2 hobgoblins come into view.
The hobgoblin shouts!
The goblin hits you with a +0 club. The hobgoblin closely misses you.
Robin roars a battlecry!
You see here a +0 dagger.
You shoot an arrow. The arrow hits the hobgoblin.
The hobgoblin is heavily wounded.
The goblin no longer looks unusually strong.
The goblin closely misses you. The hobgoblin hits you.
The hobgoblin misses you.
A goblin comes into view. It is wielding a +0 dagger.
The goblin hits you with a +0 club.
You shoot an arrow. The arrow closely misses the hobgoblin.
The arrow barely misses Robin.
The arrow barely misses the hobgoblin.
The hobgoblin no longer looks unusually strong.
The goblin misses you. The hobgoblin closely misses you.
You shoot an arrow. The arrow hits the hobgoblin.
The hobgoblin is severely wounded.
The hobgoblin no longer looks unusually strong.
A goblin comes into view. It is wielding a +0 dagger.
The goblin misses you. The hobgoblin completely misses you.
You shoot an arrow. The arrow hits the hobgoblin.
You kill the hobgoblin!
The goblin hits you with a +0 club. Robin misses you.
The goblin hits you with a +0 club.
You shoot an arrow. The arrow hits Robin!
Robin is heavily wounded.
Robin hits you but does no damage.
You shoot an arrow. The arrow barely misses Robin.
The arrow closely misses the hobgoblin.
The arrow hits the goblin.
You kill the goblin!
The goblin hits you with a +0 club.
* * * LOW HITPOINT WARNING * * *
Robin hits you with a +0 whip.
* * * LOW HITPOINT WARNING * * *
You shoot an arrow. The arrow barely misses Robin.
The arrow hits the hobgoblin!
You kill the hobgoblin!
The goblin hits you with a +0 club.
* * * LOW HITPOINT WARNING * * *
The hobgoblin barely misses you. You furiously retaliate!
You headbutt the hobgoblin. Robin misses you.
You shoot an arrow. The arrow hits the goblin.
The goblin is moderately wounded.
The goblin hits you but does no damage. The hobgoblin closely misses you.
Robin roars a battlecry!
The goblins go into a battle-frenzy!
The goblin barely misses you. The hobgoblin hits you.
* * * LOW HITPOINT WARNING * * *
You shoot an arrow. The arrow closely misses Robin.
The arrow hits the goblin but does no damage.
The goblin hits you with a +0 club.
You die...

#..####.##..........#
#. ##.####........#
#.###..# #........#
#.....#####........#
##.......##.#......#
#................##
.......#.###..###...#
.....#...# ##.gg#...#
####).#... #.#@#
##..##..##.#g### ##.
#......g..# ##
.#.....)..#
.......)..#
##........#
#.....†..# #........#
........)..


You could see Robin, a hobgoblin (strong) and 2 goblins.

Vanquished Creatures
  A gnoll (D:1)
  6 ball pythons
  2 endoplasms (D:1)
  5 goblins (D:2)
  4 hobgoblins
  4 jackals (D:1)
  2 quokkas (D:1)
  3 bats (D:1)
  4 frilled lizards (D:1)
  2 kobolds
  3 rats
36 creatures vanquished.

Notes
Turn   | Place    | Note
-------+----------+-------------------------------------------
     0 | D:1      | Darkkill the Minotaur Hunter began the quest for the Orb.
     0 | D:1      | Reached XP level 1. HP: 18/18 MP: 0/0
    56 | D:1      | Reached skill level 1 in Stealth
    66 | D:1      | Reached XP level 2. HP: 25/25 MP: 1/1
   225 | D:1      | Reached XP level 3. HP: 23/31 MP: 2/2
   752 | D:2      | Noticed Robin
   770 | D:2      | HP: 3/31 [Robin/+0 whip (5)]
   772 | D:2      | HP: 1/31 [hobgoblin[Robin] (2)]
   773 | D:2      | Slain by a goblin

Illustrated notes

Levels and vault maps discovered:
D:1:      minmay_arrival_arboretum_small, layout_loops_ring,
          minmay_split_cup_small
D:2:      layout_rooms, hellmonk_ecumenical_altar_run_dry, moated_statue,
          uniq_robin

Skill      XL: |  1  2 |
---------------+-------+-----
Stealth        | 1 |  1.6
Fighting       | 3 |  3.2
Ranged Weapons | |  4.7
Dodging        | |  2.9

Action                     || total
---------------------------++-------
   Fire: Shortbow          ||    70
    Use: Scroll            ||     5
 Armour: Leather armour    ||    13
  Dodge: Dodged            ||    28

Table legend: (Time is in decaauts)
 A = Elapsed time spent in this place.
 B = Non-inter-level travel time spent in this place.
 C = Inter-level travel time spent in this place.
 D = Time resting spent in this place.
 E = Time spent auto-exploring this place.
 F = Levels seen in this place.
 G = Mean time per level.
                   A        B        C        D        E       F      G
               +--------+--------+--------+--------+--------+-----+--------+
         Total |    793 |    782 |     11 |    104 |    533 |   2 |  396.5 |
       Dungeon |    793 |    782 |     11 |    104 |    533 |   2 |  396.5 |
               +--------+--------+--------+--------+--------+-----+--------+

Top non-repeatable levels by time:
     D:1: 710 daAuts
     D:2: 83 daAuts

Table legend:
 A = Kills in this place as a percentage of kills in the entire game.
 B = Kills by you in this place as a percentage of kills by you in the entire game.
 C = Kills by friends in this place as a percentage of kills by friends in the entire game.
 D = Other kills in this place as a percentage of other kills in the entire game.
 E = Experience gained in this place as a percentage of experience gained in the entire game.
 F = Experience gained in this place divided by the number of levels of this place that you have seen.
                   A       B       C       D       E      F
               +-------+-------+-------+-------+-------+----------------------
         Total | 100.0 | 100.0 |   N/A |   N/A | 100.0 |  35.0
       Dungeon | 100.0 | 100.0 |   N/A |   N/A | 100.0 |  35.0
               +-------+-------+-------+-------+-------+----------------------
